| TOP OF THE 1ST |
|
Decatur Commodores batting - Pitching for Quincy Cubs : RHP Charles Lusted
|
|
Pitching: RHP Charles Lusted
|
|
|
Batting: LHB Alexis Marte
|
0-0: Called Strike 0-1: Ball 1-1: Ball 2-1: Foul Ball, location: 2F 2-2: Foul Ball, location: 2F 2-2: Foul Ball, location: 2F 2-2: Foul Ball, location: 2F 2-2: Ball 3-2: Ground out U3 (Groundball, 3, EV 82.5 MPH)
|
|
Batting: SHB Roger Holt
|
0-0: Foul Ball, location: 2F 0-1: Swinging Strike 0-2: Ball 1-2: Ball 2-2: Ground out 4-3 (Groundball, 4, EV 98.8 MPH)
|
|
Batting: SHB Daniel Wieser
|
0-0: Ball 1-0: Ball 2-0: Called Strike 2-1: Ground out 4-3 (Groundball, 34, EV 99.4 MPH)
|
| Top of the 1st over - 0 runs, 0 hits, 0 errors, 0 left on base; Decatur 0 - Quincy 0 |
| BOTTOM OF THE 1ST |
|
Quincy Cubs batting - Pitching for Decatur Commodores : LHP Rob Murphy
|
|
Pitching: LHP Rob Murphy
|
|
|
Batting: SHB Selwyn Young
|
0-0: Bunt missed! 0-1: DOUBLE (Line Drive, 7LM, EV 96.9 MPH)
|
|
Batting: RHB Jack Ayer
|
0-0: Called Strike 0-1: Ground out 5-3 (Groundball, 56S, EV 70.6 MPH) Selwyn Young to third
|
|
Batting: SHB Willie Perez
|
0-0: Ball 1-0: Swinging Strike 1-1: Ball 2-1: Ball 3-1: Base on Balls
|
|
Batting: RHB Wes Clements
|
0-0: Ball 1-0: 3-RUN HOME RUN (Flyball, 7LD, EV 99.4 MPH), Distance : 348 ft
|
|
Batting: RHB Roger Hansen
|
0-0: Called Strike 0-1: Ball 1-1: Foul Ball, location: 2F 1-2: Ball 2-2: Strikes out swinging
|
|
Batting: RHB Alex Juarez
|
0-0: Ball 1-0: Ball 2-0: Foul Ball, location: 2F 2-1: Ball 3-1: Base on Balls
|
|
Batting: LHB Dennis Mork
|
0-0: Called Strike Alex Juarez steals 2nd base (no throw) 0-1: Ball 1-1: Ball 2-1: Foul Ball, location: 2F 2-2: Strikes out swinging
|
| Bottom of the 1st over - 3 runs, 2 hits, 0 errors, 1 left on base; Decatur 0 - Quincy 3 |
| TOP OF THE 2ND |
|
Decatur Commodores batting - Pitching for Quincy Cubs : RHP Charles Lusted
|
|
Batting: LHB David Showalter
|
0-0: Foul Ball, location: 2F 0-1: Ball 1-1: Fly out, F8 (Line Drive, 8LM, EV 100.6 MPH)
|
|
Batting: SHB Rondin Johnson
|
0-0: Called Strike 0-1: SINGLE (Groundball, 56D, EV 96.3 MPH)
|
|
Batting: LHB Jerry Miller
|
0-0: Ball 1-0: Called Strike 1-1: Ball 2-1: Fielders Choice at 2nd, 4-6 (Groundball, 4, EV 86.9 MPH)
|
|
Batting: RHB Clifton Wilder
|
0-0: Called Strike 0-1: Called Strike 0-2: Ball 1-2: Strikes out looking
|
| Top of the 2nd over - 0 runs, 1 hit, 0 errors, 1 left on base; Decatur 0 - Quincy 3 |
| BOTTOM OF THE 2ND |
|
Quincy Cubs batting - Pitching for Decatur Commodores : LHP Rob Murphy
|
|
Batting: RHB Garry Keeton
|
0-0: Ground out 3-1 (Groundball, 34, EV 104.4 MPH)
|
|
Batting: RHB Billy Best
|
0-0: Foul Ball, location: 2F 0-1: Ball 1-1: Ball 2-1: SINGLE (Groundball, 6, EV 76.9 MPH) (infield hit)
|
|
Batting: SHB Selwyn Young
|
0-0: Called Strike 0-1: Ball 1-1: Ball 2-1: Reached on error, E3 (Groundball, 34, EV 90.6 MPH) Billy Best to second
|
|
Batting: RHB Jack Ayer
|
0-0: Called Strike 0-1: Foul Ball, location: 2F 0-2: Ground out 3-1 (Groundball, 34S, EV 84.4 MPH) Billy Best to third Selwyn Young to second
|
|
Batting: SHB Willie Perez
|
0-0: Foul Ball, location: 2F 0-1: SINGLE (Line Drive, 78S, EV 104.4 MPH) Billy Best scores Selwyn Young to third Runner from 3rd tries for Home, SAFE, throw by LF to home
|
|
Batting: RHB Wes Clements
|
0-0: Ball 1-0: Foul Ball, location: 2F 1-1: Swinging Strike 1-2: Foul Ball, location: 2F 1-2: Fielders Choice at 2nd, 6-4 (Groundball, 56, EV 106.9 MPH)
|
| Bottom of the 2nd over - 2 runs, 2 hits, 1 error, 1 left on base; Decatur 0 - Quincy 5 |
| TOP OF THE 3RD |
|
Decatur Commodores batting - Pitching for Quincy Cubs : RHP Charles Lusted
|
|
Batting: LHB Samuel Taves
|
0-0: Ball 1-0: Foul Ball, location: 2F 1-1: Fly out, F8 (Flyball, 8RS, EV 92.5 MPH)
|
|
Batting: RHB Rex Farrior
|
0-0: Ball 1-0: Ball 2-0: Ball 3-0: Base on Balls
|
|
Batting: LHB Alexis Marte
|
0-0: Ball 1-0: Ball 2-0: Called Strike 2-1: Foul Ball, location: 2F 2-2: Ball 3-2: Fly out, F2 (Popup, 25F, EV 80.0 MPH)
|
|
Batting: SHB Roger Holt
|
0-0: Ball 1-0: Called Strike 1-1: Fielders Choice at 2nd, 6-4 (Groundball, 6, EV 83.8 MPH)
|
| Top of the 3rd over - 0 runs, 0 hits, 0 errors, 1 left on base; Decatur 0 - Quincy 5 |
| BOTTOM OF THE 3RD |
|
Quincy Cubs batting - Pitching for Decatur Commodores : LHP Rob Murphy
|
|
Batting: RHB Roger Hansen
|
0-0: Swinging Strike 0-1: Ball 1-1: Ground out 4-3 (Groundball, 4, EV 86.3 MPH)
|
|
Batting: RHB Alex Juarez
|
0-0: Ball 1-0: Ground out 6-3 (Groundball, 6, EV 106.3 MPH)
|
|
Batting: LHB Dennis Mork
|
0-0: Called Strike 0-1: Foul Ball, location: 2F 0-2: Ball 1-2: Ball 2-2: Foul Ball, location: 2F 2-2: Foul Ball, location: 2F 2-2: Ball 3-2: SOLO HOME RUN (Flyball, 9D, EV 103.8 MPH), Distance : 374 ft
|
|
Batting: RHB Garry Keeton
|
0-0: Ball 1-0: Ball 2-0: Fly out, F7 (Flyball, 7LM, EV 95.0 MPH)
|
| Bottom of the 3rd over - 1 run, 1 hit, 0 errors, 0 left on base; Decatur 0 - Quincy 6 |
| TOP OF THE 4TH |
|
Decatur Commodores batting - Pitching for Quincy Cubs : RHP Charles Lusted
|
|
Batting: SHB Daniel Wieser
|
0-0: Ball 1-0: Called Strike 1-1: Foul Ball, location: 2F 1-2: Ball 2-2: Strikes out swinging, 2-3 out at first.
|
|
Batting: LHB David Showalter
|
0-0: Foul Ball, location: 2F 0-1: Ball 1-1: Called Strike 1-2: Fly out, F4 (Flyball, 34D, EV 96.9 MPH)
|
|
Batting: SHB Rondin Johnson
|
0-0: Ground out 4-3 (Groundball, 4, EV 105.0 MPH)
|
| Top of the 4th over - 0 runs, 0 hits, 0 errors, 0 left on base; Decatur 0 - Quincy 6 |
| BOTTOM OF THE 4TH |
|
Quincy Cubs batting - Pitching for Decatur Commodores : LHP Rob Murphy
|
|
Batting: RHB Billy Best
|
0-0: Ball 1-0: SINGLE (Line Drive, 56D, EV 96.3 MPH)
|
|
Batting: SHB Selwyn Young
|
0-0: Foul Ball, location: 2F 0-1: Ball 1-1: Swinging Strike 1-2: Foul Ball, location: 2F 1-2: Strikes out looking
|
|
Batting: RHB Jack Ayer
|
0-0: Ball 1-0: Called Strike 1-1: Foul Ball, location: 2F 1-2: Foul Ball, location: 2F 1-2: Strikes out looking
|
|
Batting: SHB Willie Perez
|
0-0: Swinging Strike 0-1: Ball 1-1: Ball 2-1: Fly out, F7 (Flyball, 78M, EV 93.8 MPH)
|
| Bottom of the 4th over - 0 runs, 1 hit, 0 errors, 1 left on base; Decatur 0 - Quincy 6 |
| TOP OF THE 5TH |
|
Decatur Commodores batting - Pitching for Quincy Cubs : RHP Charles Lusted
|
|
Batting: LHB Jerry Miller
|
0-0: Ball 1-0: Called Strike 1-1: Reached on error, E6 (Groundball, 6, EV 82.5 MPH)
|
|
Batting: RHB Clifton Wilder
|
0-0: Fly out, F8 (Flyball, 78M, EV 90.0 MPH)
|
|
Batting: LHB Samuel Taves
|
0-0: Ball 1-0: Ball 2-0: Called Strike 2-1: Grounds into double play, 1-6-3 (Groundball, 13, EV 71.3 MPH)
|
| Top of the 5th over - 0 runs, 0 hits, 1 error, 0 left on base; Decatur 0 - Quincy 6 |
| BOTTOM OF THE 5TH |
|
Quincy Cubs batting - Pitching for Decatur Commodores : LHP Rob Murphy
|
|
Batting: RHB Wes Clements
|
0-0: Ball 1-0: Ball 2-0: Called Strike 2-1: Ball 3-1: Ground out 6-3 (Groundball, 56, EV 99.4 MPH)
|
|
Batting: RHB Roger Hansen
|
0-0: Foul Ball, location: 2F 0-1: Ball 1-1: Ball 2-1: Ball 3-1: Foul Ball, location: 2F 3-2: Foul Ball, location: 2F 3-2: Foul Ball, location: 2F 3-2: Fly out, F7 (Flyball, 7LM, EV 78.8 MPH)
|
|
Pitching: LHP James Oates
|
|
|
Batting: RHB Alex Juarez
|
0-0: Ball 1-0: Foul Ball, location: 2F 1-1: Swinging Strike 1-2: Foul Ball, location: 2F 1-2: Foul Ball, location: 2F 1-2: Foul Ball, location: 2F 1-2: Ball 2-2: Ball 3-2: Base on Balls
|
|
Batting: LHB Dennis Mork
|
0-0: SINGLE (Flyball, 78S, EV 86.9 MPH) Alex Juarez to second
|
|
Batting: RHB Garry Keeton
|
0-0: 3-RUN HOME RUN (Flyball, 7D, EV 87.5 MPH), Distance : 378 ft
|
|
Batting: RHB Billy Best
|
0-0: Ball 1-0: Called Strike 1-1: Foul Ball, location: 2F 1-2: Ball 2-2: Foul Ball, location: 2F 2-2: Ball 3-2: Foul Ball, location: 2F 3-2: Base on Balls
|
|
Batting: SHB Selwyn Young
|
0-0: Ball 1-0: Called Strike 1-1: Ball 2-1: Called Strike 2-2: Ball 3-2: Foul Ball, location: 2F 3-2: Foul Ball, location: 2F 3-2: Ground out 5-3 (Groundball, 56, EV 82.5 MPH)
|
| Bottom of the 5th over - 3 runs, 2 hits, 0 errors, 1 left on base; Decatur 0 - Quincy 9 |
| TOP OF THE 6TH |
|
Decatur Commodores batting - Pitching for Quincy Cubs : RHP Charles Lusted
|
|
Batting: RHB Rex Farrior
|
0-0: Swinging Strike 0-1: Ball 1-1: Swinging Strike 1-2: Strikes out swinging
|
|
Batting: LHB Alexis Marte
|
0-0: Foul Ball, location: 2F 0-1: Ball 1-1: Foul Ball, location: 2F 1-2: Fly out, F8 (Line Drive, 8LD, EV 97.5 MPH)
|
|
Batting: SHB Roger Holt
|
0-0: Fly out, F6 (Popup, 4MS, EV 76.9 MPH)
|
| Top of the 6th over - 0 runs, 0 hits, 0 errors, 0 left on base; Decatur 0 - Quincy 9 |
| BOTTOM OF THE 6TH |
|
Quincy Cubs batting - Pitching for Decatur Commodores : LHP James Oates
|
|
Batting: RHB Jack Ayer
|
0-0: Ball 1-0: Ball 2-0: Called Strike 2-1: Fly out, F8 (Flyball, 8LD, EV 88.8 MPH)
|
|
Batting: SHB Willie Perez
|
0-0: Called Strike 0-1: Ball 1-1: SINGLE (Flyball, 34D, EV 83.8 MPH)
|
|
Batting: RHB Wes Clements
|
0-0: Fly out, F8 (Line Drive, 8LM, EV 95.6 MPH)
|
|
Batting: RHB Roger Hansen
|
0-0: Called Strike 0-1: Called Strike 0-2: Ball 1-2: Ball 2-2: Strikes out swinging
|
| Bottom of the 6th over - 0 runs, 1 hit, 0 errors, 1 left on base; Decatur 0 - Quincy 9 |
| TOP OF THE 7TH |
|
Decatur Commodores batting - Pitching for Quincy Cubs : RHP Charles Lusted
|
|
Batting: SHB Daniel Wieser
|
0-0: Called Strike 0-1: Ball 1-1: Ball 2-1: Foul Ball, location: 2F 2-2: Ball 3-2: Fly out, F7 (Flyball, 7S, EV 73.8 MPH)
|
|
Batting: LHB David Showalter
|
0-0: Ball 1-0: Ball 2-0: Ball 3-0: Called Strike 3-1: Base on Balls
|
|
Batting: SHB Rondin Johnson
|
0-0: Ball 1-0: Called Strike 1-1: Foul Ball, location: 2F 1-2: Strikes out looking
|
|
Batting: LHB Jerry Miller
|
0-0: Ball 1-0: Ball 2-0: Ball 3-0: Base on Balls David Showalter to second
|
|
Pinch Hitting: RHB Donald Johnson
|
0-0: Ball 1-0: Fly out, F5 (Line Drive, 5, EV 66.3 MPH)
|
| Top of the 7th over - 0 runs, 0 hits, 0 errors, 2 left on base; Decatur 0 - Quincy 9 |
| BOTTOM OF THE 7TH |
|
Quincy Cubs batting - Pitching for Decatur Commodores : LHP James Oates
|
|
Now in LF: Donald Johnson
|
|
|
Pinch Hitting: RHB Samuel Bass
|
0-0: Swinging Strike 0-1: Ball 1-1: Swinging Strike 1-2: Ball 2-2: Ball 3-2: Strikes out looking
|
|
Batting: LHB Dennis Mork
|
0-0: Ball 1-0: Ball 2-0: Called Strike 2-1: Called Strike 2-2: Ball 3-2: Base on Balls
|
|
Pitching: RHP Peyton Mosher
|
|
|
Batting: RHB Garry Keeton
|
0-0: Called Strike 0-1: Ball 1-1: Ball 2-1: Called Strike 2-2: Foul Ball, location: 2F 2-2: Fly out, F7 (Flyball, 78S, EV 88.1 MPH)
|
|
Batting: RHB Billy Best
|
0-0: Called Strike 0-1: Ball 1-1: DOUBLE (Flyball, 89XD, EV 93.1 MPH) Dennis Mork to third Runner from 3rd tries for Home, SAFE, throw by RF to home
|
|
Batting: SHB Selwyn Young
|
0-0: Ball 1-0: Ground out U3 (Groundball, 34, EV 107.5 MPH)
|
| Bottom of the 7th over - 1 run, 1 hit, 0 errors, 1 left on base; Decatur 0 - Quincy 10 |
| TOP OF THE 8TH |
|
Decatur Commodores batting - Pitching for Quincy Cubs : RHP Charles Lusted
|
|
Now at 3B: Samuel Bass
|
|
|
Batting: LHB Samuel Taves
|
0-0: Called Strike 0-1: Ball 1-1: Ground out U3 (Groundball, 34, EV 100.0 MPH)
|
|
Batting: RHB Rex Farrior
|
0-0: Ball 1-0: Ground out 1-3 (Groundball, 13S, EV 67.5 MPH)
|
|
Batting: LHB Alexis Marte
|
0-0: Called Strike 0-1: Ball 1-1: Ball 2-1: Ball 3-1: Called Strike 3-2: Foul Ball, location: 2F 3-2: Ground out 1-3 (Groundball, 34S, EV 62.5 MPH)
|
| Top of the 8th over - 0 runs, 0 hits, 0 errors, 0 left on base; Decatur 0 - Quincy 10 |
| BOTTOM OF THE 8TH |
|
Quincy Cubs batting - Pitching for Decatur Commodores : RHP Peyton Mosher
|
|
Batting: RHB Jack Ayer
|
0-0: Ball 1-0: Called Strike 1-1: Ball 2-1: Ball 3-1: Base on Balls
|
|
Batting: SHB Willie Perez
|
0-0: Ball 1-0: Ball 2-0: Swinging Strike 2-1: Ball 3-1: Base on Balls Jack Ayer to second
|
|
Pinch Hitting: RHB Richard Palmer
|
0-0: Ball 1-0: Ball 2-0: Foul Ball, location: 2F 2-1: Called Strike 2-2: Ball 3-2: Strikes out swinging
|
|
Batting: RHB Roger Hansen
|
0-0: Ball 1-0: Fielders Choice at 2nd, 3-6 (Groundball, 3, EV 86.3 MPH) Jack Ayer to third
|
|
Batting: RHB Samuel Bass
|
0-0: Called Strike 0-1: Ball 1-1: Fly out, F8 (Flyball, 89XD, EV 94.4 MPH)
|
| Bottom of the 8th over - 0 runs, 0 hits, 0 errors, 2 left on base; Decatur 0 - Quincy 10 |
| TOP OF THE 9TH |
|
Decatur Commodores batting - Pitching for Quincy Cubs : RHP Charles Lusted
|
|
Now at 1B: Charles Curry
|
|
|
Batting: SHB Roger Holt
|
0-0: Foul Ball, location: 2F 0-1: Ground out 4-3 (Groundball, 4S, EV 78.8 MPH)
|
|
Batting: SHB Daniel Wieser
|
0-0: DOUBLE (Flyball, 8RXD, EV 106.9 MPH)
|
|
Batting: LHB David Showalter
|
0-0: Ball 1-0: Foul Ball, location: 2F 1-1: Swinging Strike 1-2: Ball 2-2: Foul Ball, location: 2F 2-2: Foul Ball, location: 2F 2-2: Strikes out swinging
|
|
Pinch Hitting: RHB William Kelley
|
0-0: Ball 1-0: Swinging Strike 1-1: Ball 2-1: Fly out, F2 (Popup, 23F, EV 79.4 MPH)
|
| Top of the 9th over - 0 runs, 1 hit, 0 errors, 1 left on base; Decatur 0 - Quincy 10 |
|